Unix NetHack Version 5.0.0-0 post-release - last build May 31 2026 23:59:36 (970b52f25bf058293b47ddfd14a1e40e571c508c,branch:main).

Game began 2026-06-06 20:02:44, ended 2026-06-06 20:09:46.

Drastanta, lawful female human Knight

                                                     ---
                                                    --.--
                                                    |...---
                                                    |.....----
                                                    |......^)..
                                                   --..........
                                                   |....*......
                                                   --....))....
                                                    --....(.
                                                     |......
                                                     ---%*..
                                          --..-----------')-
                                          .).%)..).).%.)....
                                          .)..-------------
                                          ...-
                                          .<%--
                                          |...|
                                          --.--
                                           ---

Drastanta the Esquire    St:12 Dx:8 Co:13 In:10 Wi:14 Ch:17  Lawful
Dlvl:4  $:70 HP:0(38) Pw:38(38) AC:3  Xp:5 T:1091 

Latest messages:
 You kill the gnome!
 The saddled pony picks up an aklys.
 The gnome attacks a spot beside you.
 The gnome lord strikes at thin air!
 You kill the gnome!
 You hit the gnome lord.
 The gnome lord swings his crossbow.
 The gnome lord misses!
 You hit the gnome lord.
 The gnome lord swings his crossbow.
 The gnome lord misses!
 The poisoned dart misses the saddled pony.
 You are hit by a poisoned dart.
 You feel weaker!
 You miss the gnome lord.
 You hear crashing rock.
 You hit the gnome lord!
 The saddled pony misses it.
 The saddled pony bites it.
 It hits the saddled pony.
 The saddled pony is killed!
 You miss the gnome lord.
 The gnome lord swings his crossbow.
 The gnome lord misses!
 You kill the gnome lord!
 You are beginning to feel weak.
 There are several objects here.
 It is missed.
 You are hit by an arrow.
 You hear crashing rock.
 It is hit!
 It is destroyed!
 You hear crashing rock.
 You hit the gnome lord!
 The straw golem hits!
 The straw golem misses!
 The gnome lord swings his bow.
 The gnome lord hits!
 You kill the gnome lord!
 The straw golem hits!
 The straw golem misses!
 There are several objects here.
 w - a bag.
 The straw golem misses!
 The straw golem hits!
 What do you want to eat? [ghklpr-t or ?*] ?
 This food really hits the spot!
 The straw golem hits!
 You die...
 Do you want your possessions identified? [ynq] (y) q

Inventory:
 Coins    ('$')
  $ - 70 gold pieces
 Weapons  (')')
  u - a +0 crossbow bolt
  a - a +1 long sword (weapon in right hand)
 Armor    ('[')
  d - an uncursed +0 helmet (being worn)
  f - an uncursed +0 pair of leather gloves (being worn)
  e - an uncursed +0 small shield (being worn)
  c - an uncursed +1 ring mail (being worn)
 Comestibles  ('%')
  g - 10 uncursed apples
  s - a cursed candy bar labeled "Chocolate Nuggie"
  h - 11 uncursed carrots
  p - 2 uncursed cram rations
  k - 4 uncursed food rations
  x - an uncursed partly eaten food ration
  t - an uncursed partly eaten food ration
  l - an uncursed tripe ration
  r - a cursed rotten tin of newt meat
 Scrolls  ('?')
  j - an uncursed scroll of food detection
  v - a blessed scroll of stinking cloud
 Spellbooks  ('+')
  m - an uncursed spellbook of create monster
 Rings    ('=')
  n - an uncursed +1 ring of increase accuracy
 Tools    ('(')
  w - an empty uncursed bag of holding
  o - an uncursed bell

Drastanta the Knight's attributes:

Background:
 You were an Esquire, a level 5 female human Knight.
 You were lawful, nominally on a mission for Lugh
 who was opposed by Brigit (neutral) and Manannan Mac Lir (chaotic).
 You were right-handed.
 You were in the Gnomish Mines, on level 4.
 You entered the dungeon 1091 turns ago.
 You had 206 experience points, 114 more were needed to attain level 6.

Basics:
 You had 0 out of 38 hit points.
 You had all 38 energy points (spell power).
 Your armor class was 3.
 Your wallet contained 70 zorkmids.
 Autopickup was on for '$' plus thrown.

Final Characteristics:
 Your strength was 12 (base:13, peak:14, limit:18/100).
 Your dexterity was 8 (limit:18).
 Your constitution was 13 (limit:18).
 Your intelligence was 10 (limit:18).
 Your wisdom was 14 (limit:18).
 Your charisma was 17 (limit:18).

Final Status:
 You weren't hungry.
 You were unencumbered.
 You were wielding a long sword.
 You had basic skill with long sword.

Final Attributes:
 You were devoutly aligned.
 You were invisible.
 You could jump.
 You were warded.
 You are dead.

Miscellaneous:
 You didn't encounter any bones levels.
 Total elapsed playing time was 7 minutes and 1 second.

Major events:
 Turn
    1: Drastanta the lawful female human Knight entered the dungeon
  438: attained the rank of Esquire (level 3)
  733: entered the Gnomish Mines
 1091: killed by a straw golem

You didn't know any spells.

Skills:
 Fighting Skills
   bare handed combat [Unskilled]
   two weapon combat  [Unskilled]
   riding             [Basic]
 Weapon Skills
   dagger             [Unskilled]
   knife              [Unskilled]
   axe                [Unskilled]
   pick-axe           [Unskilled]
   short sword        [Unskilled]
   broadsword         [Unskilled]
   long sword         [Basic]
   two-handed sword   [Unskilled]
   saber              [Unskilled]
   club               [Unskilled]
   mace               [Unskilled]
   morning star       [Unskilled]
   flail              [Unskilled]
   hammer             [Unskilled]
   polearms           [Unskilled]
   spear              [Unskilled]
   trident            [Unskilled]
   lance              [Basic]
   bow                [Unskilled]
   crossbow           [Unskilled]
 Spellcasting Skills
   attack spells      [Unskilled]
   healing spells     [Unskilled]
   clerical spells    [Unskilled]

Voluntary challenges:
 Character rerolling was not enabled.
 You were an atheist.
 You were illiterate.
 You never genocided any monsters.
 You never polymorphed an object.
 You never changed form.
 You used no wishes.
Achievements:
 You attained the rank of Esquire.
 You entered the Gnomish Mines.

 The Dungeons of Doom: levels 1 to 3
    Level 1:
       A fountain, a sink, a grave.
    Level 2:
    Level 3:
       Many fountains, a sink.
       Stairs down to The Gnomish Mines.
 The Gnomish Mines:
    Level 4: <- You were here.
       Final resting place for
          you, killed by a straw golem.


Vanquished creatures:
  a pony
  6 fog clouds
  2 gnome leaders
  a dwarf zombie
  3 iguanas
  a hobgoblin
 10 gnomes
  a gecko
  a jackal
  a kobold
  2 goblins
  a lichen
  2 newts
32 creatures vanquished.

No species were genocided or became extinct.

Game over:
                       ----------
                      /          \
                     /    REST    \
                    /      IN      \
                   /     PEACE      \
                  /                  \
                  |    Drastanta     |
                  |      70 Au       |
                  |   killed by a    |
                  |   straw golem    |
                  |                  |
                  |                  |
                  |       2026       |
                 *|     *  *  *      | *
        _________)/\\_//(\/(/\)/\//\/|_)_______

Fare thee well Drastanta the Knight...

You died in The Gnomish Mines on dungeon level 4 with 1037 points,
and 70 pieces of gold, after 1091 moves.
You were level 5 with a maximum of 38 hit points when you died.

